 Dungeon Crawl Stone Soup version 0.21-a0-371-gd56c60c (webtiles) character file.

90166 Drevant the Unseen (level 15, -6/68 HPs)
             Began as a Spriggan Enchanter on Oct 16, 2017.
             Was an Initiate of Gozag.
             Mangled by Agnes
             ... wielding a +0 lajatang
              (30 damage)
             ... on level 1 of the Spider Nest.
             The game lasted 02:04:40 (37910 turns).

Drevant the Unseen (Spriggan Enchanter)            Turns: 37910, Time: 02:04:41

Health: -6/68      AC:  5    Str:  4    XL:     15   Next: 51%
Magic:  6/28       EV: 32    Int: 26    God:    Gozag
Gold:   5490       SH:  0    Dex: 17    Spells: 20/31 levels left

rFire    x . .     SeeInvis +   n - +9 dagger (venom)
rCold    . . .     Gourm    .   (shield restricted)
rNeg     + + +     Faith    .   b - +1 robe
rPois    +         Spirit   .   E - +2 hat
rElec    .         Reflect  .   k - scarf {repulsion}
rCorr    .         Harm     .   (gloves unavailable)
MR       +++..                  (boots unavailable)
Stlth    ++++++++..             (no amulet)
HPRegen  0.21/turn              i - ring of Hunun {rN+ MR+ Int+6}
MPRegen  0.21/turn              Z - ring "Fuehun" {rPois rF- rN++ Dex-3 Stlth+}

@: studying Stealth, repel missiles, very quick
A: unfitting armour, see invisible, herbivore 3, speed 3, slow metabolism 2
a: Potion Petition, Call Merchant, Bribe Branch, Renounce Religion


You were on level 1 of the Spider Nest.
You worshipped Gozag.
Gozag was greatly pleased with you.
You were not hungry.

You visited 6 branches of the dungeon, and saw 26 of its levels.
You visited 1 bazaar.
You also visited: Ice Cave.

You collected 8307 gold pieces.
You spent 1712 gold pieces at shops.
You paid 1105 gold pieces to Gozag.

Inventory:

Hand Weapons
 n - a +9 dagger of venom (weapon)
Armour
 b - a +1 robe (worn)
 k - a scarf of repulsion (worn)
 E - a +2 hat (worn)
Jewellery
 i - the ring of Hunun (left hand) {rN+ MR+ Int+6}
   (You acquired it on level 12 of the Dungeon)

   [ring of protection from magic]

   It affects your intelligence (+6).
   It protects you from negative energy.
   It affects your resistance to hostile enchantments.
 m - an uncursed ring of flight
 J - a +5 ring of protection
 K - an uncursed ring of resist corrosion
 L - an uncursed ring of positive energy
 P - an uncursed ring of protection from fire
 U - an uncursed amulet of rage
 Z - the ring "Fuehun" (right hand) {rPois rF- rN++ Dex-3 Stlth+}
   (You found it on level 6 of the Lair of Beasts)

   [ring of poison resistance]

   It affects your dexterity (-3).
   It makes you vulnerable to fire.
   It protects you from poison.
   It greatly protects you from negative energy.
   It makes you more stealthy.
Wands
 e - a wand of digging (10/24)
 x - a wand of enslavement (11/24)
 A - a wand of acid (6/15)
 D - a wand of digging (13/24)
 S - a wand of flame (26/48)
 X - a wand of iceblast (4/15)
Scrolls
 a - a scroll of recharging
 f - 8 scrolls of teleportation
 o - 2 scrolls of amnesia
 p - 6 scrolls of remove curse
 r - 4 scrolls of fog
 w - 3 scrolls of enchant armour
 y - a scroll of identify
 B - 5 scrolls of fear
 H - 2 scrolls of magic mapping
 O - 2 scrolls of blinking
Potions
 g - 6 potions of flight
 h - 2 potions of brilliance
 l - 8 potions of lignification
 q - 5 potions of heal wounds
 s - 4 potions of magic
 t - 3 potions of agility
 u - 4 potions of curing
 C - 2 potions of haste
 F - 2 potions of degeneration
 G - a potion of resistance
 R - a potion of might
 W - a potion of ambrosia
 Y - a potion of cancellation {unknown}
Books
 c - a book of Maledictions

   Spells                             Type                      Level
   a - Corona                         Hexes                        1
   b - Ensorcelled Hibernation        Hexes/Ice                    2
   c - Confuse                        Hexes                        3
   d - Tukima's Dance                 Hexes                        3
   e - Dazzling Spray                 Conjuration/Hexes            3
 v - a book of Changes

   Spells                             Type                      Level
   a - Beastly Appendage              Transmutation                1
   b - Sticks to Snakes               Transmutation                2
   c - Spider Form                    Transmutation/Poison         3
   d - Ice Form                       Ice/Transmutation            4
   e - Blade Hands                    Transmutation                5
 z - a book of Minor Magic

   Spells                             Type                      Level
   a - Magic Dart                     Conjuration                  1
   b - Blink                          Translocation                2
   c - Call Imp                       Summoning                    2
   d - Slow                           Hexes                        2
   e - Conjure Flame                  Conjuration/Fire             3
   f - Mephitic Cloud                 Conjuration/Poison/Air       3
 I - the Papyrus of the Unstable Frostbite
   (You found it on level 2 of the Lair of Beasts)

   Spells                             Type                      Level
   a - Apportation                    Translocation                1
   b - Recall                         Summoning/Translocation      3
   c - Force Lance                    Conjuration/Translocation    4
   d - Metabolic Englaciation         Hexes/Ice                    5
   e - Malign Gateway                 Summoning/Translocation      7
 M - a book of Fire

   Spells                             Type                      Level
   a - Ignite Poison                  Fire/Transmutation/Poison    3
   b - Fireball                       Conjuration/Fire             5
   c - Bolt of Fire                   Conjuration/Fire             6
   d - Ring of Flames                 Charms/Fire                  7
   e - Ignition                       Fire                         8
 Q - a manual of Stealth
 T - a book of Debilitation

   Spells                             Type                      Level
   a - Corona                         Hexes                        1
   b - Slow                           Hexes                        2
   c - Inner Flame                    Hexes/Fire                   3
   d - Portal Projectile              Hexes/Translocation          3
   e - Cause Fear                     Hexes                        4
   f - Leda's Liquefaction            Hexes/Earth                  4
 V - a book of Callings

   Spells                             Type                      Level
   a - Summon Small Mammal            Summoning                    1
   b - Call Imp                       Summoning                    2
   c - Call Canine Familiar           Summoning                    3
   d - Summon Guardian Golem          Hexes/Summoning              3
   e - Summon Lightning Spire         Summoning/Air                4
   f - Summon Ice Beast               Ice/Summoning                4
Comestibles
 d - 11 bread rations


   Skills:
 + Level 3.6 Fighting
 - Level 10.1 Short Blades
 + Level 17.1 Dodging
 * Level 19.2 Stealth
 - Level 8.5 Spellcasting
 + Level 18.1 Hexes
 - Level 5.1 Translocations
 - Level 6.3 Ice Magic


You had 20 spell levels left.
You knew the following spells:

 Your Spells              Type           Power        Failure   Level  Hunger
a - Corona                Hex            #######      0%          1    None
b - Ensorcelled Hibernat  Hex/Ice        ######       1%          2    None
c - Confuse               Hex            #######.     0%          3    None
d - Dazzling Spray        Conj/Hex       ######       1%          3    None
e - Blink                 Tloc           N/A          1%          2    None


Dungeon Overview and Level Annotations

Branches:
Dungeon (15/15)            Temple (1/1) D:5            Lair (6/6) D:10
 Shoals (0/4) Lair:2       Spider (1/4) Lair:2        Slime (0/5) Lair:6
    Orc (2/2) D:10            Elf (1/3) Orc:2        Vaults (0/5) D:13
 Depths (0/5) D:15

Altars:
Ashenzari
Cheibriados
Dithmenos
Elyvilon
Fedhas
Gozag
Hepliaklqana
Kikubaaqudgha
Makhleb
Nemelex Xobeh
Okawaru
Qazlal
Ru
Sif Muna
Trog
Uskayaw
Vehumet
Wu Jian
Xom
Yredelemnul
Zin
The Shining One
Beogh

Shops:
D:15 *   Orc:2 [(:*   Elf:1 }=}

Portals:
Trove: D:10 (give 6 scrolls of blinking)

Annotations:
D:7 Gunzzzzmaster's ghost, novice HOMo
Lair:2 exclusion: 2 oklob plants
Lair:5 Rupert
Spider:1 Agnes


Innate Abilities, Weirdness & Mutations

You are very small and have problems with some larger weapons.
You are too small for most types of armour.
You have supernaturally acute eyesight. (SInv)
You are a herbivore.
You cover ground extremely quickly.
You need consume almost no food.


Message History

Confirm with . or Enter, or press ? or * to list all spells.
Aiming: Ensorcelled Hibernation
Press: ? - help, Shift-Dir - straight line, f/p - Agnes
Aim: Agnes, wielding a lajatang and wearing a robe (lightly wounded, poisoned, chance to defeat MR: 11%) Agnes resists with almost no effort.
Agnes closely misses you. Agnes completely misses you.
Casting: Ensorcelled Hibernation
Confirm with . or Enter, or press ? or * to list all spells.
Aiming: Confuse
Press: ? - help, Shift-Dir - straight line, f/p - Agnes
Aim: Agnes, wielding a lajatang and wearing a robe (lightly wounded, poisoned, chance to defeat MR: 19%) Agnes resists with almost no effort.
Agnes completely misses you.
Casting: Confuse
Confirm with . or Enter, or press ? or * to list all spells.
Aiming: Confuse
Press: ? - help, Shift-Dir - straight line, f/p - Agnes
Aim: Agnes, wielding a lajatang and wearing a robe (lightly wounded, poisoned, chance to defeat MR: 19%) Agnes resists with almost no effort.
Agnes hits you with a lajatang!! x2
You die...
Your body crumbles into a pile of gold.

#...............
.##...........#.. .##
...............###..###
!.....#...#........#≈≈#
.#.....<.....##.......##
#......$...#..........≈#
#....#............./..≈#
.......$...$.^........≈#
....#..%....#(..@i^#.##
.#.$.....#..#.##.....^#
#.$..#.........^....##
.......#.......##...##
.^#....#.......$....≈≈#
..#...#.........#.?≈≈≈#
...#....#..#.....≈≈≈≈##
|.........#≈....##≈≈##
..#...#..##≈≈.### ###


You could see Agnes.

Vanquished Creatures
  Frances (D:12)
  An orc warlord (Orc:2)
  2 stone giants (Orc:2)
  Azrael (D:14)
  3 ettins (Orc:2)
  Snorg (D:12)
  A yaktaur captain (D:15)
  5 hydras
  2 centaur warriors
  An ogre mage (D:15)
  10 two-headed ogres
  A tengu warrior (D:14)
  Urug (Lair:2)
  3 deep elf knights
  2 deep elf archers (Elf:1)
  An orc knight (D:14)
  An orc sorcerer (Orc:2)
  8 deep elf magi
  A wolf spider (Lair:6)
  6 ugly things
  2 manticores
  An orb spider (Spider:1)
  12 cyclopes
  Joseph (D:8)
  An elephant (Lair:6)
  A guardian serpent (Lair:6)
  8 black mambas
  A spiny frog (shapeshifter) (D:15)
  4 centaur skeletons
  Psyche (D:9)
  19 spiny frogs
  A rime drake (Lair:5)
  8 komodo dragons
  A yaktaur (D:15)
  A kobold demonologist (D:15)
  3 efreet
  A tengu conjurer (D:15)
  8 trolls
  9 polar bears
  4 hornets
  4 jumping spiders (Spider:1)
  3 meliai (Lair:5)
  8 blink frogs
  9 hippogriffs
  6 redbacks
  9 wyverns
  2 shadows (D:12)
  A wraith (D:11)
  8 basilisks
  2 tarantellas (Spider:1)
  63 yaks
  4 fire elementals (D:14)
  3 wargs
  An acid dragon (D:11)
  2 hell hounds (D:14)
  9 porcupines
  16 water moccasins
  3 sky beasts
  10 ice beasts
  17 orc warriors
  2 phantoms
  A black bear (D:10)
  A necrophage (D:6)
  13 ogres
  28 wolves
  11 centaurs
  10 crocodiles
  2 big kobolds
  17 bullfrogs
  An earth elemental (Elf:1)
  A water moccasin zombie (D:5)
  6 scorpions
  7 wights
  A killer bee (Lair:4)
  6 howler monkeys
  2 electric eels (Lair:2)
  9 crimson imps
  2 bullfrog zombies
  7 hounds
  16 jellies
  4 orc priests
  3 bullfrog skeletons
  5 iguanas
  Terence (D:3)
  24 orc wizards
  6 hell rats (Lair:5)
  3 worker ants
  2 hound skeletons
  A worker ant zombie (D:6)
  A gnoll (D:1)
  16 adders
  3 shadow imps
  14 oozes
  An adder zombie (D:9)
  A worm (D:2)
  2 dart slugs
  5 leopard geckos
  82 orcs
  11 bats
  7 giant cockroaches
  6 goblins
  6 hobgoblins
  11 jackals
  5 quokkas
  2 ball pythons
  5 frilled lizards
  A jackal skeleton (D:4)
  21 kobolds
  A leopard gecko skeleton (D:9)
  A quokka zombie (D:6)
  4 rats
  2 fungi
  A plant (Lair:2)
720 creatures vanquished.

Vanquished Creatures (collateral kills)
  A water moccasin (Lair:6)
1 creature vanquished.

Vanquished Creatures (others)
  A two-headed ogre (D:15)
  An orc wizard (Orc:2)
  2 orcs (Orc:2)
  3 bushes (Lair:6)
  35 fungi
  39 plants
81 creatures vanquished.

Grand Total: 802 creatures vanquished

Notes
Turn   | Place    | Note
-------+----------+-------------------------------------------
     0 | D:1      | Drevant the Spriggan Enchanter began the quest for the Orb.
     0 | D:1      | Reached XP level 1. HP: 9/9 MP: 5/5
   565 | D:1      | Reached XP level 2. HP: 8/13 MP: 6/6
   569 | D:1      | Learned a level 2 spell: Ensorcelled Hibernation
  1078 | D:1      | Reached XP level 3. HP: 15/16 MP: 6/8
  1248 | D:1      | Reached skill level 5 in Stealth
  1718 | D:2      | Learned a level 3 spell: Confuse
  1726 | D:2      | Found a bloodstained altar of Trog.
  2061 | D:2      | Found a hide-covered altar of Uskayaw.
  2065 | D:2      | Reached XP level 4. HP: 15/21 MP: 2/10
  2527 | D:2      | Found a deep blue altar of Sif Muna.
  2669 | D:3      | Reached skill level 5 in Hexes
  2727 | D:3      | Noticed a centaur
  2730 | D:3      | Killed a centaur
  2730 | D:3      | Reached XP level 5. HP: 23/24 MP: 11/11
  3590 | D:3      | Reached skill level 6 in Stealth
  3680 | D:3      | Noticed Terence
  3706 | D:3      | Killed Terence
  3706 | D:3      | Reached XP level 6. HP: 28/28 MP: 8/13
  3744 | D:3      | Learned a level 3 spell: Dazzling Spray
  4407 | D:4      | Reached skill level 5 in Dodging
  4634 | D:4      | Reached XP level 7. HP: 32/32 MP: 3/15
  5040 | D:4      | Found a sacrificial altar of Ru.
  5185 | D:5      | Entered Level 5 of the Dungeon
  5258 | D:5      | Reached skill level 7 in Stealth
  5333 | D:5      | Reached skill level 5 in Spellcasting
  5643 | D:5      | Found a glowing silver altar of Zin.
  5664 | D:5      | Found a staircase to the Ecumenical Temple.
  5675 | Temple   | Entered the Ecumenical Temple
  5682 | Temple   | Became a worshipper of Gozag Ym Sagoz the Greedy
  5953 | D:5      | Reached XP level 8. HP: 36/36 MP: 14/17
  6065 | D:6      | Got a smoking leather armour
  6174 | D:6      | Reached skill level 8 in Stealth
  6955 | D:6      | Reached skill level 9 in Stealth
  7157 | D:7      | Noticed Gunzzzzmaster's ghost (novice HOMo)
  7273 | D:7      | Found an iron altar of Okawaru.
  7290 | D:7      | You fall through a shaft for 2 floors!
  7290 | D:9      | Noticed a troll
  7498 | D:9      | Reached XP level 9. HP: 35/39 MP: 12/20
  7624 | D:9      | Noticed Psyche
  7864 | D:8      | Found a blossoming altar of Fedhas.
  7999 | D:7      | Reached skill level 10 in Hexes
  8838 | D:8      | Reached skill level 10 in Stealth
  9417 | D:8      | Noticed Joseph
  9438 | D:8      | Killed Joseph
  9854 | D:9      | Killed a troll
  9906 | D:9      | Killed Psyche
  9906 | D:9      | Reached skill level 11 in Stealth
  9906 | D:9      | Reached XP level 10. HP: 41/44 MP: 10/23
 10249 | D:9      | Reached skill level 10 in Dodging
 10277 | D:9      | Found a shadowy altar of Dithmenos.
 10408 | D:9      | Learned a level 2 spell: Blink
 10434 | D:10     | Entered Level 10 of the Dungeon
 10637 | D:10     | Reached skill level 1 in Translocations
 10716 | D:10     | Found a staircase to the Lair.
 11719 | D:10     | Found a portal to a secret trove of treasure.
 11929 | D:11     | Noticed a cyan ugly thing
 11930 | D:11     | Reached skill level 12 in Stealth
 11995 | D:11     | Found a flickering gateway to a bazaar.
 12001 | Bazaar   | Entered a bazaar
 12003 | Bazaar   | Found Dotaepid's Gadget Boutique.
 12007 | Bazaar   | Found Rayh's Jewellery Boutique.
 12007 | Bazaar   | Found Bum Beys's Armour Boutique.
 12008 | Bazaar   | Found Gigoapto's Antique Weapon Boutique.
 12023 | Bazaar   | Bought a scarf of repulsion for 228 gold pieces
 12530 | D:11     | Found a shimmering altar of Xom.
 12744 | D:11     | Noticed a white ugly thing
 12755 | D:11     | Killed a white ugly thing
 12974 | D:11     | Noticed a two-headed ogre
 13333 | D:11     | Noticed a two-headed ogre
 13414 | D:11     | Killed a two-headed ogre
 13414 | D:11     | Reached skill level 5 in Translocations
 13414 | D:11     | Reached XP level 11. HP: 47/47 MP: 18/24
 13654 | Lair:1   | Entered Level 1 of the Lair of Beasts
 14128 | Lair:1   | Noticed a five-headed hydra
 14311 | Lair:1   | Reached skill level 13 in Stealth
 15787 | Lair:1   | Killed a five-headed hydra
 15896 | Lair:2   | Identified the Papyrus of the Unstable Frostbite
 15934 | Lair:2   | Found a hole to the Spider Nest.
 16024 | Lair:2   | Reached XP level 12. HP: 51/51 MP: 25/25
 16419 | Lair:2   | Reached skill level 5 in Short Blades
 16810 | Lair:2   | Found a staircase to the Shoals.
 17123 | Lair:2   | Reached skill level 14 in Stealth
 17484 | Lair:2   | Noticed Urug
 17489 | Lair:2   | Killed Urug
 17555 | Lair:2   | Reached skill level 15 in Hexes
 18324 | Lair:3   | Noticed a six-headed hydra
 18331 | Lair:3   | Killed a six-headed hydra
 18993 | Lair:4   | Found a frozen archway.
 19203 | IceCv    | Entered an ice cave
 19525 | IceCv    | Reached skill level 15 in Stealth
 19917 | IceCv    | Reached XP level 13. HP: 40/55 MP: 0/26
 21771 | Lair:5   | Noticed Rupert
 22849 | Lair:6   | Entered Level 6 of the Lair of Beasts
 23820 | Lair:6   | Reached skill level 16 in Stealth
 24396 | Lair:6   | Reached skill level 15 in Dodging
 24736 | Lair:6   | Found a staircase to the Slime Pits.
 25209 | Lair:6   | Reached XP level 14. HP: 59/59 MP: 5/27
 25614 | Lair:6   | Got a heavily runed lapis lazuli ring
 25787 | Lair:6   | Identified the ring "Fuehun" {rPois rF- rN++ Dex-3 Stlth+} (You found it on level 6 of the Lair of Beasts)
 26448 | D:12     | Noticed Frances
 26603 | D:12     | Killed Frances
 26621 | D:12     | Identified 2 scrolls of acquirement
 26636 | D:12     | Got a shimmering pewter ring
 26638 | D:12     | Identified the ring of Hunun {rN+ MR+ Int+6} (You acquired it on level 12 of the Dungeon)
 27245 | D:12     | Noticed Snorg
 27252 | D:12     | Killed Snorg
 27885 | D:13     | Reached skill level 17 in Stealth
 27885 | D:13     | Reached skill level 1 in Ice Magic
 28120 | D:13     | Found a gate to the Vaults.
 29896 | D:15     | Entered Level 15 of the Dungeon
 30439 | D:15     | Noticed Azrael
 31035 | D:14     | HP: 2/59 [Azrael/damnation (29)]
 31558 | D:14     | Killed Azrael
 31558 | D:14     | Reached skill level 10 in Short Blades
 32183 | D:14     | Reached skill level 1 in Fighting
 32690 | D:15     | Reached skill level 5 in Ice Magic
 32794 | D:15     | Found Haejuwun's Changing Room.
 32847 | D:15     | Reached XP level 15. HP: 65/65 MP: 23/28
 32867 | D:15     | Found a staircase to the Depths.
 34297 | D:10     | Found a staircase to the Orcish Mines.
 34310 | Orc:1    | Entered Level 1 of the Orcish Mines
 34487 | Orc:2    | Entered Level 2 of the Orcish Mines
 34908 | Orc:2    | Reached skill level 18 in Stealth
 34962 | Orc:2    | Found Mesm's Antique Armour Boutique.
 35037 | Orc:2    | Found a staircase to the Elven Halls.
 35183 | Orc:2    | Found Fanypp's Book Shoppe.
 35712 | Orc:2    | Found Duocop's Antique Weapon Shoppe.
 35842 | Orc:2    | Noticed an orc warlord
 35896 | Orc:2    | Found Amiden's General Store.
 35910 | Orc:2    | Bought a scroll of identify for 36 gold pieces
 35910 | Orc:2    | Bought a potion of heal wounds for 90 gold pieces
 35910 | Orc:2    | Bought a potion of heal wounds for 90 gold pieces
 35910 | Orc:2    | Bought a scroll of teleportation for 54 gold pieces
 35969 | Orc:2    | Killed an orc warlord
 36037 | Orc:2    | Found a roughly hewn altar of Beogh.
 36077 | Orc:2    | Bought a manual of Stealth for 1214 gold pieces
 36466 | Elf:1    | Entered Level 1 of the Elven Halls
 36610 | Elf:1    | Found Bemn's Gadget Emporium.
 36610 | Elf:1    | Found Uvisyate's Jewellery Boutique.
 36611 | Elf:1    | Found Seusyk's Gadget Emporium.
 37224 | Elf:1    | Reached skill level 19 in Stealth
 37712 | Spider:1 | Entered Level 1 of the Spider Nest
 37895 | Spider:1 | Noticed Agnes
 37910 | Spider:1 | Mangled by Agnes

Vault maps used:
D:1:      eino_arrival_tree_alley, serial_forest, infiniplex_forest_end_1,
          infiniplex_forest_end_1, infiniplex_forest_lined_ring,
          infiniplex_forest_clump_curved, infiniplex_forest_clump_diagonal,
          infiniplex_forest_straight_2, minmay_nonomino_d4
D:2:      lemuel_doored_altar, lemuel_blue_sif_altar, overflow_temple_1_default,
          first_bread
D:3:      uniq_terence
D:4:      kennysheep_mini, minmay_close_crescents
D:5:      old_standard_altar, minmay_temple_entry_poolview
D:7:      basic_altar
D:8:      fedhas_altar_1, hangedman_abyss_or_decor_stagger, grunt_potential,
          uniq_joseph
D:9:      nicolae_dithmenos_the_darkroom, grunt_ogre_cave,
          minmay_misc_feat_rows, uniq_psyche
D:10:     minmay_lair_entry_grove, david_orc_4, nicolae_trove_entry_columns
D:11:     serial_shops, bzr_entry_safe, xom_teletrap_fun
D:12:     uniq_frances, uniq_snorg
D:13:     erik_vaults_1, st_stairs_5
D:14:     hangedman_abyss_or_decor_stabs, item_on_display_a
D:15:     grunt_enter_depths_snipers, kennysheep_doodads,
          nicolae_lava_and_water, statue_in_the_mist_lemuel,
          nicolae_transmutations_shop, uniq_azrael
Temple:   nicolae_temple_no_exploring_needed
Lair:1:   grunt_megastairs_5, serial_bayou_shore_b
Lair:2:   lemuel_slime, minmay_shoals_entry_beasts, spider_nest_entry_web_field,
          minmay_lair_oklob_items, serial_bayou_shore_a, uniq_urug
Lair:4:   portal_ice_cave_entry_ice_beasts
Lair:5:   special_room, uniq_rupert
Lair:6:   hangedman_lair_tendril_chambers, nicolae_slime_entry_slimehenge,
          nicolae_quartered_pool_little, minivault_25
Spider:1: uniq_agnes, uniq_aizul
Orc:2:    grunt_orc_gardens, grunt_orc_garden, grunt_orc_garden,
          grunt_orc_garden, grunt_orc_garden, basic_altar
Elf:1:    basic_altar, hangedman_elven_crosses_minicolossus, dk_noncrumbling_2,
          grunt_megastairs_1, minmay_shop_grove
Bazaar:   bazaar_minmay_cross
IceCv:    ice_cave_caverns_01

Skill      XL: |  1  2  3  4  5  6  7  8  9 10 11 12 13 14 15 |
---------------+----------------------------------------------+-----
Hexes          | 4 5 6 7 9 11 13 14 16 17 18 | 18.1
Spellcasting   | 3 4 5 6 8 |  8.5
Stealth        | 5 6 7 9 11 12 13 15 16 17 19 | 19.2
Dodging        | 4 5 6 8 9 11 12 13 15 16 17 | 17.1
Translocations | 5 |  5.1
Short Blades   | 4 7 9 10 | 10.1
Ice Magic      | 5 6 |  6.3
Fighting       | 1 3 |  3.6

Action                   |  1- 3 |  4- 6 |  7- 9 | 10-12 | 13-15 || total
-------------------------+-------+-------+-------+-------+-------++-------
Melee: Dagger            |   109 |   134 |   252 |   471 |   738 ||  1704
 Cast: Corona            |     6 |     2 |       |     1 |       ||     9
       Ensorcelled Hiber |    24 |    12 |    79 |   254 |   466 ||   835
       Confuse           |       |     5 |    16 |    64 |   106 ||   191
       Dazzling Spray    |       |       |       |       |     4 ||     4
Invok: Potion Petition   |       |       |       |       |     3 ||     3
  Use: Potion            |     1 |       |       |     3 |     3 ||     7
       Scroll            |       |       |     9 |    13 |    25 ||    47
 Stab: Sleeping          |    21 |    21 |    59 |   132 |   225 ||   458
       Distracted        |     1 |       |     4 |     2 |     9 ||    16
       Confused          |       |     4 |    13 |    24 |    35 ||    76
       Invisible         |       |       |       |       |     1 ||     1
  Eat: Bread ration      |       |     1 |       |     1 |       ||     2
       Fruit             |       |       |     1 |     2 |     6 ||     9
       Royal jelly       |       |       |       |     1 |     5 ||     6
Armor: Robe              |    11 |     6 |     8 |    14 |    30 ||    69
Dodge: Dodged            |    95 |    90 |   149 |   338 |   673 ||  1345
       Deflected         |       |       |       |     1 |    17 ||    18

Table legend:
 A = Spawn XP
 B = Non-spawn XP
 C = Spawn XP percentage of total XP
 D = Spawn monster count
 E = Non-spawn monster count
 F = Spawn count percentage of total count
 G = Total turns spent on level
                    A         B        C        D         E        F      G
               +---------+---------+-------+---------+---------+-------+---------
         Total |       0 |  128809 |   0.0 |       0 |     719 |   0.0 | 37910
               +---------+---------+-------+---------+---------+-------+---------
           D:1 |       0 |      60 |   0.0 |       0 |      26 |   0.0 |  1547
           D:2 |       0 |      78 |   0.0 |       0 |      18 |   0.0 |  1104
           D:3 |       0 |     292 |   0.0 |       0 |      28 |   0.0 |  1719
           D:4 |       0 |     357 |   0.0 |       0 |      21 |   0.0 |   815
           D:5 |       0 |     646 |   0.0 |       0 |      14 |   0.0 |   844
           D:6 |       0 |    1197 |   0.0 |       0 |      15 |   0.0 |  1221
           D:7 |       0 |     606 |   0.0 |       0 |      14 |   0.0 |  1074
           D:8 |       0 |    1531 |   0.0 |       0 |      27 |   0.0 |  1481
           D:9 |       0 |    1976 |   0.0 |       0 |      23 |   0.0 |  1566
          D:10 |       0 |    3043 |   0.0 |       0 |      36 |   0.0 |  1588
          D:11 |       0 |    4502 |   0.0 |       0 |      26 |   0.0 |  1990
          D:12 |       0 |    6855 |   0.0 |       0 |      30 |   0.0 |  1563
          D:13 |       0 |    5333 |   0.0 |       0 |      38 |   0.0 |  1985
          D:14 |       0 |   11414 |   0.0 |       0 |      31 |   0.0 |  2727
          D:15 |       0 |   11488 |   0.0 |       0 |      30 |   0.0 |   816
        Lair:1 |       0 |    9231 |   0.0 |       0 |      40 |   0.0 |  2245
        Lair:2 |       0 |    5765 |   0.0 |       0 |      45 |   0.0 |  2526
        Lair:3 |       0 |    3403 |   0.0 |       0 |      10 |   0.0 |   713
        Lair:4 |       0 |    5688 |   0.0 |       0 |      26 |   0.0 |  1651
        Lair:5 |       0 |    4678 |   0.0 |       0 |      29 |   0.0 |  1713
        Lair:6 |       0 |   19850 |   0.0 |       0 |      73 |   0.0 |  2506
      Spider:1 |       0 |    3012 |   0.0 |       0 |      11 |   0.0 |    77
         Orc:1 |       0 |     876 |   0.0 |       0 |      22 |   0.0 |   763
         Orc:2 |       0 |   14672 |   0.0 |       0 |      43 |   0.0 |  1581
         Elf:1 |       0 |    6411 |   0.0 |       0 |      11 |   0.0 |   927
         IceCv |       0 |    5845 |   0.0 |       0 |      32 |   0.0 |  1095
               +---------+---------+-------+---------+---------+-------+---------
